Selects Luftwaffe Battlegroup
Selects Luftwaffe Battlegroup
Selects Luftwaffe Pioneer Support
Fallschirmpioneer Squad Paradrop
Construct Infanterie Kompanie
Construct Luftwaffe Kompanie
Selects LG40 Recoilless Gun Paradrop
LG40 Recoilless Gun Paradrop
Selects Stuka Strafing Run
Luftwaffe Officer Quarters
Construct Panzer Kompanie
Selects Fallschirmjäger Squad Paradrop
Construct Panzergrenadier Kompanie
Selects Infantry Reserves
Nebelwerfer 42 Rocket Launcher Team
Nebelwerfer 42 Rocket Launcher Team